AoeStats
← Ibrahomovic

Arabia

504554240Analyzed
1v1 RM · 27d ago on Sep 5, 2026· 38m 37s· 2 players
Game mode
Random Map
Map size
Tiny (2 player)
Population
200
Speed
Normal
Resources
Standard
Victory
Conquest
Starting age
Dark Age
Ending age
Imperial Age
RankedLock teamsTeams togetherTeam positionsShared explorationLock speedFull tech treeHidden civsTurbo modeCheats
Victory
Defeat
🇸🇪 Vikings · Sweden
1303
+17
🇭🇺 Cumans · Hungary
1317
-17
Ibrahomovic
7:35 Loom
9:56 Feudal Age
10:10 Man-at-Arms
11:21 Double-Bit Axe
18:53 Castle Age
16:52 Fletching
20:37 Bow Saw
19:51 Crossbowman
20:38 Horse Collar
21:06 Gold Mining
24:13 Bodkin Arrow
25:43 Squires
25:03 Pikeman
25:35 Pikeman
26:53 Scale Mail Armor
27:13 Forging
28:44 Chain Mail Armor
28:57 Padded Archer Armor
31:29 Iron Casting
31:26 Leather Archer Armor
35:24 Imperial Age
33:04 Heavy Plow
34:06 Chieftains
35:29 Capped Ram
35:32 Arbalester
36:13 Bracer
37:38 Plate Mail Armor
38:08 Blast Furnace
38:43 Chemistry
38:03 Ballistics
SamSquanch
6:35 Loom
9:16 Feudal Age
10:08 Double-Bit Axe
10:04 Horse Collar
15:48 Wheelbarrow
15:58 Gold Mining
15:59 Stone Mining
20:45 Gold Mining
24:27 Castle Age
23:01 Fletching
23:22 Forging
24:17 Bloodlines
24:42 Scale Barding Armor
26:11 Heavy Plow
26:23 Bow Saw
28:02 Hand Cart
29:21 Chain Barding Armor
30:20 Iron Casting
34:34 Imperial Age
34:20 Gold Shaft Mining
33:48 Town Watch
34:57 Bodkin Arrow
35:02 Padded Archer Armor
36:52 Chemistry
36:14 Town Patrol
37:02 Thumb Ring
38:28 Hoardings
Connection lost

Rejoining the realm…

Still unreachable

The connection could not be restored.

Session expired

The server has moved on; the page needs a fresh start.